 Dungeon Crawl Stone Soup version 0.17.0-9-g801d43b (webtiles) character file.

97 HungrySpirit the Cudgeler (level 4, 0/45 HPs)
             Began as an Ogre Arcane Marksman on Nov 9, 2015.
             Slain by an orc
             ... wielding a +0 short sword
              (3 damage)
             ... on level 2 of the Dungeon.
             The game lasted 00:03:31 (2645 turns).

HungrySpirit the Cudgeler (Ogre Arcane Marksman)    Turns: 2645, Time: 00:03:31

Health: 0/45       AC:  3    Str: 17    XL:     4   Next: 68%
Magic:  5/5        EV: 10    Int: 12    God:
Gold:   125        SH:  0    Dex:  9    Spells: 1 memorised, 4 levels left

rFire  . . .     SeeInvis .     n - +0 club
rCold  + . .     Clarity  .     c - +0 robe
rNeg   . . .     SustAt   .     (no shield)
rPois  .         Gourm    .     (helmet restricted)
rElec  .         Spirit   .     (no cloak)
rCorr  .         Warding  .     (gloves unavailable)
rMut   .         Stasis   .     (boots unavailable)
MR     .....                    (no amulet)
Stlth  +.........               (no ring)
                                p - ring of protection from cold

@: not resistant to hostile enchantments, very unstealthy
A: unfitting armour, tough skin 1
a: no special abilities


You were on level 2 of the Dungeon.
You were not hungry.

You visited 1 branch of the dungeon, and saw 3 of its levels.

You collected 125 gold pieces.

Inventory:

Hand Weapons
 f - a +0 short sword
 n - a +0 club (weapon)
 q - a +0 blowgun
Missiles
 b - 4 throwing nets (quivered)
 m - 31 poisoned needles
Armour
 c - a +0 robe (worn)
Jewellery
 p - a ring of protection from cold (left hand)
Scrolls
 g - a scroll of teleportation {unknown}
 i - 3 scrolls of fog
 j - a scroll of enchant armour {unknown}
Potions
 k - a potion of mutation {unknown}
 l - a potion of invisibility {unknown}
 o - a potion of degeneration {unknown}
Books
 d - a book of Debilitation

   Spells                             Type                      Level
   a - Corona                         Hexes                        1
   b - Slow                           Hexes                        2
   c - Gell's Gravitas                Hexes/Translocation          3
   d - Inner Flame                    Hexes/Fire                   3
   e - Cause Fear                     Hexes                        4
   f - Leda's Liquefaction            Hexes/Earth                  4
Comestibles
 e - 2 bread rations
 h - 2 fruits


   Skills:
 + Level 3.3 Fighting
 * Level 4.1 Maces & Flails
 - Level 2.3 Throwing
 - Level 1.7 Dodging
 - Level 1.2 Spellcasting
 - Level 2.1 Hexes


You had 4 spell levels left.
You knew the following spells:

 Your Spells              Type           Power        Failure   Level  Hunger
a - Corona                Hex            #......      14%         1    ##.....


Dungeon Overview and Level Annotations

Branches:
Dungeon (3/15)

Altars:


Innate Abilities, Weirdness & Mutations

You are too large for most types of armour.
You have tough skin (AC +1).


Message History

* * * LOW HITPOINT WARNING * * *
You barely miss the orc. You hit the orc but do no damage.
The orc barely misses you.
You hit the orc but do no damage. The orc hits you with a short sword.
* * * LOW HITPOINT WARNING * * *
You hit the orc.
The orc is lightly wounded.
The orc hits you with a short sword.
* * * LOW HITPOINT WARNING * * *
You closely miss the orc.
The orc is lightly wounded.
The orc barely misses you.
You hit the orc but do no damage.
The orc is lightly wounded.
The orc hits you with a short sword.
* * * LOW HITPOINT WARNING * * *
You closely miss the orc.
The orc is lightly wounded.
The orc hits you with a short sword.
You die...

######## #...##.. #...##.#
###################...##..
#.....##.@oo.>........'...
#.....##.##.#######...###.
#........##.## #...###.
##.......#...# #...#...
###.#.#.#<..# ########.##
#.#.#.#...# #......#.#
#.#.#.#...###.####.#.##
####.#.#.)............)...
#......#...#.###..<#)((.##


You could see 2 orcs.

Vanquished Creatures
  An orc wizard (D:3)
  An adder (D:2)
  A worm (D:2)
  2 giant geckos
  4 bats
  6 hobgoblins
  9 jackals
  5 kobolds
  A ball python (D:2)
  A giant cockroach (D:3)
  5 giant newts
  5 goblins
  9 rats
50 creatures vanquished.

Notes
Turn   | Place    | Note
--------------------------------------------------------------
     0 | D:1      | HungrySpirit the Ogre Arcane Marksman began the quest for the Orb.
     0 | D:1      | Reached XP level 1. HP: 19/19 MP: 2/2
   490 | D:1      | Reached XP level 2. HP: 14/28 MP: 3/3
   921 | D:1      | Reached skill level 1 in Maces & Flails
  1418 | D:2      | Reached XP level 3. HP: 23/36 MP: 4/4
  2026 | D:2      | Reached skill level 3 in Maces & Flails
  2440 | D:2      | Reached XP level 4. HP: 45/45 MP: 5/5
  2629 | D:3      | Reached skill level 4 in Maces & Flails
  2645 | D:2      | Slain by an orc

Action                   |  1- 3 |  4- 6 || total
-------------------------+-------+-------++-------
Melee: Dagger            |    51 |       ||    51
       Unarmed           |    21 |       ||    21
       Short sword       |    93 |       ||    93
       Club              |    52 |    33 ||    85
Throw: Large rock        |    10 |     4 ||    14
       Throwing net      |     1 |       ||     1
  Use: Scroll            |     2 |       ||     2
 Stab: Held in net/web   |     2 |       ||     2
       Sleeping          |     1 |       ||     1
  Eat: Chunk             |     5 |     1 ||     6
